 Dungeon Crawl Stone Soup version 0.26-a0-710-g95a0c6c400 (webtiles) character file.

Game seed: 3164329728217039851

2930 zazu2006 the Stinger (level 9, -4/76 HPs)
             Began as a Naga Hedge Wizard on Oct 30, 2020.
             Was a Follower of Vehumet.
             Slain by a manticore (19 damage)
             ... on level 8 of the Dungeon.
             The game lasted 00:18:12 (11607 turns).

zazu2006 the Stinger (Naga Hedge Wizard)           Turns: 11607, Time: 00:18:12

Health: -4/76      AC:  6    Str: 13    XL:     9   Next: 79%
Magic:  6/16       EV: 10    Int: 16    God:    Vehumet [*.....]
Gold:   461        SH:  0    Dex: 18    Spells: 8/17 levels left

rFire    + . .     SeeInvis +   A - +1 long sword (flame)
rCold    . . .     Faith    .   (no shield)
rNeg     . . .     Spirit   .   B - +0 acid dragon scales
rPois    +         Reflect  .   c - +0 hat
rElec    .         Harm     .   (no cloak)
rCorr    +         Rampage  .   (no gloves)
MR       +....                  (no barding)
Stlth    +++.......             D - amulet of the acrobat
HPRegen  0.22/turn              l - +6 ring of dexterity
MPRegen  0.15/turn              C - ring of protection from fire

@: barbed spikes, invisible, very slow
A: large, see invisible, deformed body, poison resistance, slowness 2, spit
poison 1, AC +3
a: Spit Poison, Renounce Religion


You were on level 8 of the Dungeon.
You worshipped Vehumet.
Vehumet was aware of your devotion.
You visited 2 branches of the dungeon, and saw 9 of its levels.

You collected 461 gold pieces.

Inventory:

Hand Weapons
 A - a +1 long sword of flaming (weapon)
Armour
 c - a +0 hat (worn)
 r - a +0 buckler
 B - +0 acid dragon scales (worn)
Jewellery
 d - an uncursed ring of resist corrosion
 l - a +6 ring of dexterity (left hand)
 t - a +4 ring of protection
 u - an uncursed ring of protection from magic
 C - a ring of protection from fire (right hand)
 D - an amulet of the acrobat (around neck)
Wands
 o - a wand of disintegration (18)
 s - a wand of enslavement (6)
 v - a wand of iceblast (7)
 z - a wand of polymorph (23)
Scrolls
 a - a scroll of blinking
 b - 2 scrolls of teleportation
 e - 2 scrolls of remove curse
 g - 2 scrolls of noise {unknown}
 h - a scroll of fog {unknown}
 i - 4 scrolls of magic mapping {unknown}
 j - 2 scrolls of random uselessness {unknown}
 n - a scroll of immolation {unknown}
 p - a scroll of amnesia {unknown}
 x - 4 scrolls of identify
 y - 2 scrolls of enchant weapon {unknown}
Potions
 f - a potion of invisibility
 k - a potion of flight
 m - a potion of lignification {unknown}
 q - 4 potions of curing
 w - a potion of cancellation {unknown}
 E - a potion of degeneration {unknown}


   Skills:
 + Level 3.4 Fighting
 + Level 4.5 Long Blades
 + Level 3.4 Armour
 + Level 2.9 Dodging
 + Level 7.1 Stealth
 * Level 3.4 Shields
 + Level 4.9 Spellcasting
 + Level 4.2 Conjurations
   Level 1.0 Summonings
 + Level 1.0 Translocations
 + Level 1.4 Air Magic
 * Level 7.3 Poison Magic


You had 8 spell levels left.
You knew the following spells:

 Your Spells              Type           Power        Failure   Level
a - Magic Dart            Conj           ###.         3%          1
b - Mephitic Cloud        Conj/Pois/Air  ###.....     11%         3
c - Conjure Flame         Conj/Fire      ##......     26%         3
d - Blink                 Tloc           N/A          22%         2

Your spell library contained the following spells:

 Spells                   Type           Power        Failure   Level
 Foxfire                  Conj/Fire      ##..         9%          1
 Shock                    Conj/Air       ##..         7%          1
 Swiftness                Air            #.......     19%         2
 Static Discharge         Conj/Air       ##......     21%         3
 Call Imp                 Summ           #.......     22%         2
 Slow                     Hex            #.......     32%         2
 Airstrike                Air            #.........   77%         4
 Lightning Bolt           Conj/Air       ##........   88%         5


Dungeon Overview and Level Annotations

Branches:
Dungeon (8/15)             Temple (1/1) D:6
   Lair: D:8-11

Altars:
Ashenzari
Cheibriados
Dithmenos
Elyvilon
Fedhas
Gozag
Hepliaklqana
Kikubaaqudgha
Nemelex Xobeh
Okawaru
Qazlal
Ru
Sif Muna
Trog
Uskayaw
Vehumet
Wu Jian
Xom
Yredelemnul
Zin
The Shining One


Innate Abilities, Weirdness & Mutations

You cannot wear boots.
Your serpentine skin is tough. (AC +3)
You have supernaturally acute eyesight. (SInv)
Armour fits poorly on your strangely shaped body.
Your system is resistant to poisons. (rPois)
You cover ground very slowly.
You can spit poison.


Message History

Casting: Blink (safe; 22% risk of failure)
Confirm with . or Enter, or press ? or * to list all spells.
Aiming: Mephitic Cloud (dangerous; 11% risk of failure)
Press: ? - help, Shift-Dir - straight line, f - boulder beetle
Aim: a boulder beetle The ball explodes into a vile cloud!
The stinking cloud engulfs the boulder beetle but does no damage.
The hornet changes into an ice beast!
The boulder beetle is engulfed in noxious fumes.
The boulder beetle curls into a ball and begins rolling!
The manticore bites you!
* * * LOW HITPOINT WARNING * * *
The manticore closely misses you.
The manticore claws you but does no damage.
Unknown command.
Unknown command.
You fade into invisibility!
The boulder beetle is engulfed in noxious fumes. x2
The boulder beetle appears confused.
The manticore bites you!!
You die...

# ###.##### ########
#...#...# #......#
##.#.....###.....(#
.........'.'.....<'
##+# ##.....###......#
#.⌠.⌠ ###....# #......#
#....##.##.#####......#
#.)_.#@H.8............#
#...Y#$.B○..###########
#....#$.☼☼○.#
#.._.#$.○8○.#
#....##.##..# #.⌠.⌠
###...# ##+# #....#
..(...# ########


You could see a boulder beetle (wandering, confused), a manticore and an ice
beast shaped shifter.

Vanquished Creatures
  Pikel (D:4)
  Maggie (D:6)
  Menkaure (D:6)
  A sky beast (D:7)
  Purgy (D:4)
  An ogre (D:6)
  A phantom (D:5)
  2 lemures (D:4)
  2 centaurs
  Blork the orc (D:4)
  4 bullfrogs
  5 killer bees (D:7)
  A howler monkey (D:5)
  2 bullfrog zombies
  A centaur zombie (D:6)
  5 hounds
  2 jellies (D:6)
  3 orc priests
  A bullfrog skeleton (D:7)
  Jessica (D:2)
  3 iguanas
  4 worker ants
  Natasha (thrice) (D:2)
  5 orc wizards
  A hound skeleton (D:4)
  4 gnolls (D:4)
  8 adders
  A shadow imp (D:5)
  A white imp (D:6)
  An ooze (D:4)
  2 adder skeletons
  2 dart slugs
  5 leopard geckos
  17 orcs
  7 giant cockroaches
  7 goblins
  3 hobgoblins
  12 jackals
  3 quokkas
  A ball python (D:1)
  13 bats
  11 frilled lizards
  A giant cockroach zombie (D:6)
  2 jackal skeletons
  5 kobolds
  6 rats
165 creatures vanquished.

Vanquished Creatures (others)
  4 withered plants (D:8)
4 creatures vanquished.

Grand Total: 169 creatures vanquished

Notes
Turn   | Place    | Note
-------+----------+-------------------------------------------
     0 | D:1      | zazu2006 the Naga Hedge Wizard began the quest for the Orb.
     0 | D:1      | Reached XP level 1. HP: 15/15 MP: 4/4
   154 | D:1      | Reached XP level 2. HP: 22/22 MP: 3/6
  1348 | D:2      | Reached XP level 3. HP: 28/28 MP: 4/8
  1353 | D:2      | Learned a level 3 spell: Mephitic Cloud
  1357 | D:2      | Learned a level 3 spell: Conjure Flame
  1360 | D:2      | Learned a level 2 spell: Blink
  1487 | D:2      | Noticed Jessica
  1506 | D:2      | Killed Jessica
  1683 | D:2      | Reached skill level 1 in Poison Magic
  1814 | D:2      | Reached XP level 4. HP: 36/36 MP: 3/9
  2225 | D:2      | Noticed Natasha
  2463 | D:2      | Killed Natasha
  2463 | D:2      | Reached skill level 1 in Armour
  2803 | D:2      | Reached XP level 5. HP: 37/42 MP: 4/10
  3181 | D:2      | Noticed Natasha
  3190 | D:2      | Killed Natasha
  3353 | D:2      | Noticed Natasha
  3367 | D:2      | Killed Natasha
  3619 | D:3      | Reached XP level 6. HP: 13/50 MP: 5/12
  3932 | D:3      | Found a bloodstained altar of Trog.
  4000 | D:3      | Found an iron altar of Okawaru.
  4844 | D:4      | Reached skill level 1 in Fighting
  5034 | D:4      | Noticed Blork the orc
  5048 | D:4      | Killed Blork the orc
  5048 | D:4      | Reached skill level 1 in Long Blades
  5370 | D:4      | Reached XP level 7. HP: 23/57 MP: 13/13
  5793 | D:4      | Noticed Purgy
  5823 | D:4      | Killed Purgy
  5823 | D:4      | Reached skill level 1 in Shields
  6094 | D:4      | Found a broken altar of Ashenzari.
  6404 | D:4      | Noticed Pikel
  6423 | D:4      | Killed Pikel
  6423 | D:4      | Reached skill level 5 in Stealth
  6423 | D:4      | Reached skill level 5 in Poison Magic
  6423 | D:4      | Reached XP level 8. HP: 57/67 MP: 8/14
  6509 | D:4      | Found a white marble altar of Elyvilon.
  7053 | D:5      | Entered Level 5 of the Dungeon
  7119 | D:5      | Got a fine whip
  7126 | D:5      | Identified the +2 whip "Kihynub" {flame, Dex+3} (You found
                  | it on level 5 of the Dungeon)
  7742 | D:5      | Found a hide-covered altar of Uskayaw.
  7776 | D:5      | Found a shadowy altar of Dithmenos.
  7780 | D:5      | Found a hazy altar of Hepliaklqana.
  8426 | D:6      | Noticed Maggie
  8454 | D:6      | Killed Maggie
  8454 | D:6      | Reached skill level 1 in Air Magic
  8454 | D:6      | Reached XP level 9. HP: 19/74 MP: 6/16
  8740 | D:6      | Found a staircase to the Ecumenical Temple.
  8751 | Temple   | Entered the Ecumenical Temple
  8928 | Temple   | Became a worshipper of Vehumet
  9544 | D:6      | Noticed Menkaure
  9560 | D:6      | HP: 1/74 [Menkaure (7)]
  9564 | D:6      | Killed Menkaure
 10246 | D:7      | Reached * piety under Vehumet
 10246 | D:7      | Offered knowledge of Foxfire by Vehumet.
 11598 | D:8      | Noticed a boulder beetle
 11601 | D:8      | Found a glowing golden altar of the Shining One.
 11601 | D:8      | Noticed a hornet
 11601 | D:8      | Noticed a manticore
 11602 | D:8      | Found a shimmering blue altar of Sif Muna.
 11602 | D:8      | Noticed a purple ugly thing
 11606 | D:8      | a hornet changed into an ice beast
 11607 | D:8      | Slain by a manticore

Illustrated notes

Levels and vault maps discovered:
D:1:      ebering_hopf_link, layout_basic, chequers_serial_rivers_room_a
D:2:      layout_loops_corners, uniq_natasha, uniq_jessica
D:3:      layout_loops_corners, lightli_temple_of_fire,
          okawaru_ov_weapons_minmay
D:4:      layout_loops_cross, lemuel_round_altar,
          nicolae_overflow_crystal_walls, minmay_pentangle, uniq_purgy,
          uniq_blork_the_orc, uniq_pikel
D:5:      layout_basic, minitemple, grunt_ministairs_7
D:6:      cheibrodos_helix_gallery, layout_cave_pods, minmay_temple_entry_waves,
          uniq_menkaure, uniq_maggie
D:7:      layout_gridville, feat_on_display
D:8:      layout_basic, serial_undead, serial_undead_f, serial_undead_b,
          serial_undead_a, serial_undead_d, serial_undead_a, chequers_jeans,
          jmf_multi_god_temple
Temple:   regret_index_temple_generic_petals

Skill      XL: |  1  2  3  4  5  6  7  8  9 |
---------------+----------------------------+-----
Poison Magic   | 1 2 3 5 6 7 |  7.3
Armour         | 1 2 3 |  3.4
Conjurations   | 2 3 4 |  4.2
Spellcasting   | 4 |  4.9
Dodging        | 2 |  2.9
Stealth        | 4 5 6 7 |  7.1
Fighting       | 1 2 3 |  3.4
Long Blades    | 1 2 3 4 |  4.5
Shields        | 1 2 3 |  3.4
Air Magic      | 1 |  1.4
Summonings     | |  1.0
Translocations | |  1.0

Action                   |  1- 3 |  4- 6 |  7- 9 || total
-------------------------+-------+-------+-------++-------
Melee: Dagger            |     1 |    50 |       ||    51
       Falchion          |       |    42 |       ||    42
       Scimitar          |       |    10 |    73 ||    83
       Whip              |       |       |    83 ||    83
       Long sword        |       |       |    97 ||    97
 Cast: Magic Dart        |    59 |   112 |    97 ||   268
       Mephitic Cloud    |       |     7 |    22 ||    29
       Blink             |       |       |     4 ||     4
 Abil: Spit Poison       |     9 |    17 |    21 ||    47
  Use: Scroll            |       |       |     6 ||     6
       Potion            |       |       |     2 ||     2
 Stab: Confused          |       |     5 |    19 ||    24
       Sleeping          |       |       |     4 ||     4
Armor: Leather armour    |     6 |    28 |    44 ||    78
       Robe              |     3 |       |       ||     3
       Acid dragon scale |       |       |    31 ||    31
Dodge: Dodged            |    13 |    94 |   158 ||   265
       Rpst.: Falchion   |       |    15 |       ||    15
       Scimitar          |       |     2 |    13 ||    15
       Long sword        |       |       |    15 ||    15

Table legend: (Time is in decaauts)
 A = Elapsed time spent in this place.
 B = Non-inter-level travel time spent in this place.
 C = Inter-level travel time spent in this place.
 D = Time resting spent in this place.
 E = Time spent auto-exploring this place.
 F = Levels seen in this place.
 G = Mean time per level.
                   A        B        C        D        E       F      G
               +--------+--------+--------+--------+--------+-----+--------+
         Total |  13779 |  13461 |    318 |   1031 |  10790 |   9 | 1531.0 |
       Dungeon |  13475 |  13191 |    284 |   1031 |  10538 |   8 | 1684.4 |
        Temple |    303 |    269 |     34 |      0 |    252 |   1 |  303.0 |
               +--------+--------+--------+--------+--------+-----+--------+

Top non-repeatable levels by time:
     D:4: 2660 daAuts
     D:2: 2389 daAuts
     D:6: 1858 daAuts
     D:3: 1674 daAuts
     D:1: 1642 daAuts
     D:5: 1588 daAuts
     D:7: 1566 daAuts
  Temple: 303 daAuts
     D:8: 96 daAuts
